 Dungeon Crawl Stone Soup version 0.29.1-12-g30fa7ad0bf (webtiles) character file.

Game seed: 1760273950841041955

338 hawla the Chiller (level 7, -2/50 HPs)
             Began as a Meteoran Ice Elementalist on Jan 9, 2023.
             Shot with an arrow by a centaur (15 damage)
             ... on level 4 of the Dungeon.
             The game lasted 00:03:06 (278 turns).

hawla the Chiller (Meteoran Ice Elementalist)        Turns: 278, Time: 00:03:06

Health: -2/50      AC:  2    Str:  9    XL:     7   Next: 11%
Magic:  5/14       EV: 13    Int: 18    God:
Gold:   18         SH:  0    Dex: 16    Spells: 6/14 levels left

rFire   . . .      SeeInvis .   e - +2 short sword (venom)
rCold   . . .      Faith    .   (no shield)
rNeg    . . .      Spirit   .   a - +0 robe
rPois   .          Reflect  .   (no helmet)
rElec   .          Harm     .   (no cloak)
rCorr   .          Rampage  .   (no gloves)
Will    .....                   (no boots)
Stlth   +.........              (no amulet)
HPRegen 0.16/turn               (no ring)
MPRegen 0.14/turn               (no ring)

@: confused, ambrosia-drunk, glowing
A: sense surroundings 1, otherworldly, glowing, explore regen
a: no special abilities


You were on level 4 of the Dungeon.
You visited 1 branch of the dungeon, and saw 5 of its levels.

You collected 18 gold pieces.

Inventory:

Hand Weapons
 e - a +2 short sword of venom (weapon)
Armour
 a - a +0 robe (worn)
Potions
 b - a potion of magic


   Skills:
 + Level 0.2 Fighting
 + Level 0.7 Short Blades
 + Level 2.6 Dodging
 - Level 1.4 Stealth
 + Level 4.1 Spellcasting
 + Level 5.3 Conjurations
 + Level 5.7 Ice Magic


You had 6 spell levels left.
You knew the following spells:

 Your Spells              Type           Power      Damage    Failure   Level
a - Freeze                Ice            96%        1d11      1%          1
b - Frozen Ramparts       Ice            48%        1d8       4%          3
c - Hailstorm             Conj/Ice       23%        3d7       16%         4

Your spell library contained the following spells:

 Spells                   Type           Power      Damage    Failure   Level
 Ozocubu's Armour         Ice            24%        N/A       4%          3


Dungeon Overview and Level Annotations

Branches:
Dungeon (5/15) Zot: 2719
 Temple: D:4-7

Altars:


Innate Abilities, Weirdness & Mutations

You passively map a small area around you.
You are easily found by Zot.
You glow in the dark.
You regain HP and MP as you explore.


Message History

The wall freezes the yak.
The yak misses you.
The wall freezes the yak.
The yak gores you!
* * * LOW HITPOINT WARNING * * *
Your magical contamination has completely faded away.
Casting: Freeze (safe; 1% risk of failure)
Confirm with . or Enter, or press ? or * to list all spells.
Aiming: Freeze (safe; 1% risk of failure)
Press: ? - help, Shift-Dir - straight line, f/p - yak
Aim: a yak (almost dead)
You freeze the yak!
You kill the yak!
The wall freezes the yak but does no damage.
The yak closely misses you.
Your Conjurations skill gained 4 levels and is now at level 4!
You have reached level 5!
You have reached level 6!
You feel agile.
You hit the yak.
The yak is severely wounded.
The wall freezes the yak.
The yak gores you!
* * * LOW HITPOINT WARNING * * *
You hit the yak.
The yak is poisoned.
The yak is almost dead.
You kill the yak!
Training target 5.3 for Conjurations reached!
Your Conjurations skill increases to level 5!
You need to enable at least one skill for training.
Your Spellcasting skill increases to level 4!
You have reached level 7!
The frozen ramparts melt away as you move.
A gnoll comes into view. It is wielding a +0 flail.
Found a fizzy cyan potion.
A centaur comes into view.
You aren't carrying any scrolls.
You are confused.
You feel invigorated.
The centaur shouts!
You hear a shout!
The centaur wields a +0 shortbow.
The centaur shoots an arrow.
The arrow hits you!
You die...

........###########
........# #.). ,
........#####.############
*
,..................>.......
*#############...#..#######
, , , , ,,,#.............,
* ** #...#..#...... , *
#......#.##..g * * #..@...#
# #. #......# ,, **
..)......#, * #.#.#.!....#
, , # #......# , , ,
#......# ** ,##...#.# * * ,
#c..#.. , , ,


You could see a centaur.

Vanquished Creatures
  2 yaks (D:4)
  3 gnolls (D:4)
  3 orcs (D:3)
  A ball python (D:3)
  An endoplasm (D:1)
  A giant cockroach (D:3)
  A hobgoblin (D:4)
  A kobold (D:2)
  A quokka (D:1)
  A frilled lizard (D:3)
  A goblin (D:1)
  2 rats
18 creatures vanquished.

Notes
Turn   | Place    | Note
-------+----------+-------------------------------------------
     0 | D:1      | hawla the Meteoran Ice Elementalist began the quest for the
                  | Orb.
     0 | D:1      | Reached XP level 1. HP: 14/14 MP: 5/5
   101 | D:2      | Reached XP level 2. HP: 20/20 MP: 4/6
   198 | D:4      | Reached skill level 5 in Ice Magic
   198 | D:4      | Reached XP level 3. HP: 20/26 MP: 4/8
   205 | D:3      | Learned a level 3 spell: Frozen Ramparts
   216 | D:4      | Reached XP level 4. HP: 10/33 MP: 1/10
   221 | D:4      | Learned a level 4 spell: Hailstorm
   249 | D:5      | Entered Level 5 of the Dungeon
   254 | D:5      | Noticed a yak
   254 | D:5      | Noticed a yak
   260 | D:5      | Noticed a yak
   261 | D:5      | Noticed a yak
   270 | D:4      | Killed a yak
   271 | D:4      | Reached XP level 5. HP: 8/38 MP: 0/11
   271 | D:4      | Reached XP level 6. HP: 10/45 MP: 0/12
   272 | D:4      | Killed a yak
   273 | D:4      | Reached skill level 5 in Conjurations
   273 | D:4      | Reached XP level 7. HP: 3/50 MP: 0/14
   278 | D:4      | Shot with an arrow by a centaur

Illustrated notes

Levels and vault maps discovered:
D:1:      eino_arrival_tree_alley, layout_loops_ring,
          shapermc_ecumenical_altar_petra
D:2:      layout_loops_cross, hex_tiny, supply_closet_lemuel,
          minmay_crystal_water
D:3:      layout_basic, grunt_qazlal_sundering, kennysheep_generic_room_12
D:4:      layout_basic, serial_glass, glass_columns_a, glass_columns_a,
          uniq_menkaure, uniq_grinder, uniq_ijyb
D:5:      lemuel_castle_with_subvaults [lemuel_castle_interior_carwin_3],
          layout_loops_ring, nicolae_kite_square_tiling_tiny, minivault_5,
          minmay_strange_pillars, uniq_blork_the_orc

Skill      XL: |  1  2  3  4  5  6 |
---------------+-------------------+-----
Spellcasting   | 3 4 |  4.1
Ice Magic      | 5 |  5.7
Conjurations   | 4 5 |  5.3
Fighting       | |  0.2
Short Blades   | |  0.7
Dodging        | |  2.6
Stealth        | |  1.4

Action                   |  1- 3 |  4- 6 |  7- 9 || total
-------------------------+-------+-------+-------++-------
Melee: Unarmed           |     2 |       |       ||     2
       Short sword       |     9 |     2 |       ||    11
 Cast: Freeze            |    20 |     5 |       ||    25
       Frozen Ramparts   |     1 |     2 |       ||     3
  Use: Scroll            |     1 |       |       ||     1
       Potion            |       |       |     1 ||     1
Armor: Robe              |     1 |       |       ||     1
Dodge: Dodged            |    13 |     6 |       ||    19
